 Dungeon Crawl Stone Soup version 0.31.0-1-g2c135a0 (webtiles) character file.

Game seed: 1597842408738844114

23 mezmerelda the Chopper (level 3, -15/31 HPs)
             Began as a Hill Orc Fighter on Mar 9, 2024.
             Killed by an exploding adder (16 damage)
             ... ignited by their inner flame
             ... on level 2 of the Dungeon.
             The game lasted 00:02:56 (670 turns).

mezmerelda the Chopper (Hill Orc Fighter)            Turns: 670, Time: 00:02:57

Health: -15/31     AC:  6    Str: 20    XL:     3   Next: 0%
Magic:  3/3        EV:  9    Int:  8    God:
Gold:   50         SH:  4    Dex: 10    Spells: 2/2 levels left

rFire   . . .        a - +0 war axe
rCold   . . .        c - +0 buckler
rNeg    . . .        b - +0 scale mail
rPois   .            (no helmet)
rElec   .            (no cloak)
rCorr   .            (no gloves)
SInv    .            (no boots)
Will    .....        (no amulet) Stlth
                     (no ring)
HPRegen 0.25/turn    (no ring)
MPRegen 0.08/turn

%: no passive effects
@: mighty, lethally poisoned (-15 -> -17)
A: no striking features
a: no special abilities


You were on level 2 of the Dungeon.
You visited 1 branch of the dungeon, and saw 2 of its levels.

You collected 50 gold pieces.

Inventory:

Hand Weapons
 a - a +0 war axe (weapon)
Armour
 b - a +0 scale mail (worn)
 c - a +0 buckler (worn)
 e - a +0 hat
Scrolls
 f - a scroll of immolation


   Skills:
 - Level 3.6 Fighting
 + Level 4.5 Axes
 - Level 3.2 Armour
 - Level 3.2 Shields


You had 2 spell levels left.
You didn't know any spells.
Your spell library was empty.

Dungeon Overview and Level Annotations

Branches:
Dungeon (2/15)

Altars:


Message History

The adder is severely wounded.
The adder bites you.
You are poisoned.
The adder poisons you! The adder barely misses you.
You barely miss the adder.
The adder is severely wounded.
You feel sick. The adder barely misses you. You block the adder's attack.
You barely miss the adder.
The adder is severely wounded.
You feel sick. The adder barely misses you.
You hit the adder but do no damage.
The adder is severely wounded.
You feel sick. The adder bites you.
* * * LOW HITPOINT WARNING * * *
You are lethally poisoned!
The adder poisons you! The adder barely misses you.
You miss the adder.
The adder is severely wounded.
* * * LOW HITPOINT WARNING * * *
You feel sick. The adder misses you. The adder completely misses you.
You closely miss the adder.
The adder is severely wounded.
* * * LOW HITPOINT WARNING * * *
You feel sick. You block the adder's attack.
Okay, then.
As you read the scroll labelled ZUYSU GENEH, it crumbles to dust.
The creatures around you are filled with an inner flame!
It was a scroll of immolation.
* * * LOW HITPOINT WARNING * * *
You feel sick. The adder barely misses you.
The adder bites you but does no damage.
Okay, then.
You feel very mighty all of a sudden.
* * * LOW HITPOINT WARNING * * *
You feel sick. The adder closely misses you.
You slash the adder!
The adder explodes!
The fiery explosion engulfs you!
Ouch! That really hurt!
You die...

#. ####.#...#.#
#####.#####.##.##
###..<........#
.# ...#####.#####
# ...#.#####.#
...........#
...#.##.##.#
#.#.##.##.#
.......§@§#.
####.#..§#.## #
#.#§§ .. ...#...
#.# ....#.... #
#.#######.# #. .#
# #


There were no monsters in sight!

Vanquished Creatures
  An adder (D:2)
  A ribbon worm (D:2)
  A dart slug (D:2)
  2 bats
  2 endoplasms
  A goblin (D:1)
  4 hobgoblins
  2 ball pythons (D:1)
  3 frilled lizards
  2 kobolds (D:2)
  A rat (D:1)
20 creatures vanquished.

Notes
Turn   | Place    | Note
-------+----------+-------------------------------------------
     0 | D:1      | mezmerelda the Hill Orc Fighter began the quest for the
                  | Orb.
     0 | D:1      | Reached XP level 1. HP: 19/19 MP: 1/1
    77 | D:1      | Reached skill level 3 in Axes
   316 | D:1      | Reached XP level 2. HP: 20/26 MP: 2/2
   455 | D:2      | Reached skill level 4 in Axes
   622 | D:2      | Reached XP level 3. HP: 31/31 MP: 3/3
   669 | D:2      | HP: 1/31 [poisoned by an adder]
   670 | D:2      | Killed by an exploding adder... ignited by their inner
                  | flame

Illustrated notes

Levels and vault maps discovered:
D:1:      dpeg_arrival_line_fractal, layout_loops_corners
D:2:      layout_loops_cross, grunt_decor_cap, hangedman_decor_clover_reticule,
          fountainhead

Skill      XL: |  1  2 |
---------------+-------+-----
Axes           | 3 4 |  4.5
Fighting       | |  3.6
Armour         | |  3.2
Shields        | |  3.2

Action                     || total
---------------------------++-------
  Melee: War axe           ||    83
    Use: Scroll            ||     1
         Potion            ||     1
 Armour: Scale mail        ||    57
  Dodge: Dodged            ||    44
  Block: Buckler           ||    22
